 Dungeon Crawl Stone Soup version 0.26.0-16-gc1dbca0489 (webtiles) character file.

Game seed: 8737721106680992386

2 sodomyxxx the Magician (level 1, -3/13 HPs)
             Began as a Gnoll Wanderer on Jan 21, 2021.
             Slain by a kobold
             ... wielding a +0 short sword
              (5 damage)
             ... on level 1 of the Dungeon.
             The game lasted 00:01:04 (57 turns).

sodomyxxx the Magician (Gnoll Wanderer)               Turns: 57, Time: 00:01:04

Health: -3/13      AC:  2    Str: 14    XL:     1   Next: 40%
Magic:  8/8        EV: 11    Int: 13    God:
Gold:   0          SH:  0    Dex: 15    Spells: 14/14 levels left

rFire    . . .     SeeInvis .   a - +0 dagger
rCold    . . .     Faith    .   (no shield)
rNeg     . . .     Spirit   .   d - +0 robe
rPois    .         Reflect  .   (no helmet)
rElec    .         Harm     .   (no cloak)
rCorr    .         Rampage  .   (no gloves)
Will     .....                  (no boots)
Stlth    +++.......             (no amulet)
HPRegen  0.04/turn              (no ring)
MPRegen  0.11/turn              (no ring)

@: no status effects
A: distributed training, fangs 1, strong nose
a: no special abilities


You were on level 1 of the Dungeon.
You visited 1 branch of the dungeon, and saw 1 of its levels.

Inventory:

Hand Weapons
 a - a +0 dagger (weapon)
Missiles
 b - 2 stones (quivered)
Armour
 d - a +0 robe (worn)


   Skills:
 + Level 0.0 Fighting
 + Level 0.0 Short Blades
 + Level 0.0 Long Blades
 + Level 0.0 Axes
 + Level 0.0 Maces & Flails
 + Level 2.3 Polearms
 + Level 0.0 Staves
 + Level 0.0 Slings
 + Level 0.0 Bows
 + Level 0.0 Crossbows
 + Level 0.0 Throwing
 + Level 0.0 Armour
 + Level 0.0 Dodging
 + Level 5.8 Stealth
 + Level 2.3 Shields
 + Level 0.0 Unarmed Combat
 + Level 7.0 Spellcasting
 + Level 0.0 Conjurations
 + Level 0.0 Hexes
 + Level 0.0 Summonings
 + Level 0.0 Necromancy
 + Level 0.0 Translocations
 + Level 3.6 Transmutations
 + Level 0.0 Fire Magic
 + Level 0.0 Ice Magic
 + Level 0.0 Air Magic
 + Level 0.0 Earth Magic
 + Level 0.0 Poison Magic
 + Level 0.1 Invocations
 + Level 0.0 Evocations


You had 14 spell levels left.
You didn't know any spells.
Your spell library contained the following spells:

 Spells                   Type           Power        Failure   Level
 Wereblood                Tmut           14%          4%          2
 Passwall                 Tmut/Erth      7%           11%         2
 Apportation              Tloc           8%           16%         1
 Magic Dart               Conj           16%          16%         1
 Blink                    Tloc           N/A          22%         2
 Call Imp                 Summ           4%           22%         2
 Slow                     Hex            4%           22%         2
 Conjure Flame            Conj/Fire      4%           41%         3
 Lesser Beckoning         Tloc           2%           41%         3
 Mephitic Cloud           Conj/Pois/Air  4%           41%         3


Dungeon Overview and Level Annotations

Branches:
Dungeon (1/15)

Altars:


Innate Abilities, Weirdness & Mutations

Your experience applies equally to all skills.
You have very sharp teeth.
Your uncanny sense of smell can sniff out nearby items.


Message History

The kobold hits you with a +0 short sword.
You see here a +0 dagger.
You barely miss the kobold. The kobold barely misses you.
You hit the kobold.
The kobold is moderately wounded.
The kobold hits you but does no damage.
You barely miss the kobold.
The kobold is moderately wounded.
The kobold hits you but does no damage.
You miss the kobold. Your bite misses the kobold.
The kobold is moderately wounded.
The kobold hits you with a +0 short sword!
Ouch! That really hurt!
* * * LOW HITPOINT WARNING * * *
You hit the kobold but do no damage. The kobold barely misses you.
Unknown command.
You closely miss the kobold. The kobold hits you but does no damage.
You hit the kobold but do no damage.
The kobold hits you with a +0 short sword.
You die...

#+#######+# ?# #.........## .#
...# ##...## .# #.#.###.#.#.##
.# #.##.#.##.##.## .# ∆ #
#.###.###.###.## .###...
##.####.##.#.##.####.##.......
+.........###(...@K...'.......
..####.### ###.####..#.......
#.###.# #.# #.#.#....#.#
#.#.## ##.#.##.#....# #.## #.#
#.#....# #.#.## #.# #.#....#
#.###.# #.# #.#K...#
#..####.### #. ..#..#.#
+......<..# . ..+


You could see a kobold.

Vanquished Creatures
  A bat
  A goblin
2 creatures vanquished.

Notes
Turn   | Place    | Note
-------+----------+-------------------------------------------
     0 | D:1      | sodomyxxx the Gnoll Wanderer began the quest for the Orb.
     0 | D:1      | sodomyxxx set off with the following items: a +0 dagger, a
                  | +0 robe; and the following spells available to memorise:
                  | Wereblood, Passwall, Apportation, Magic Dart, Blink, Call
                  | Imp, Slow, Conjure Flame, Lesser Beckoning, Mephitic Cloud
     0 | D:1      | Reached XP level 1. HP: 13/13 MP: 8/8
    54 | D:1      | HP: 2/13 [kobold/+0 short sword (7)]
    57 | D:1      | Slain by a kobold

Illustrated notes

Levels and vault maps discovered:
D:1:      roderic_octagonal_star, layout_basic

Action                   || total
-------------------------++-------
Melee: Dagger            ||    15
 Stab: Sleeping          ||     1
Armor: Robe              ||     4
Dodge: Dodged            ||     6
